 Dungeon Crawl Stone Soup version bcrawl-1.41.1 (webtiles) character file.

Game seed: 12071988871429424916

368148 Grimmash the Destroyer (level 11, -7/73 HPs)
             Began as a Fairy Archaeologist on Apr 19, 2024.
             Was a Believer of Vehumet.
             Engulfed by an ice statue's freezing vapour (19 damage)
             ... in an ice cave.
             The game lasted 00:20:51 (9325 turns).

Grimmash the Destroyer (Fairy Archaeologist)        Turns: 9325, Time: 00:20:51

Health: -7/73      AC: 10    Str:  9    XL:     11   Next: 39%
Magic:  29/34      EV: 18    Int: 29    God:    Vehumet [**....]
Gold:   540        SH: 18    Dex: 10    Spells: 16/28 levels left

rFire    . . .     GDR:     22% a - +3 dagger (venom)
rCold    . . .     SeeInvis .   g - +4 buckler of Gett {rCorr MP+9}
rNeg     . . .     Gourm    .   (armour unavailable)
rPois    .         Faith    .   v - +0 helmet
rElec    .         Spirit   .   (no cloak)
rCorr    +         Reflect  .   x - +0 pair of gloves
MR       +....                  d - +1 pair of boots
Stlth    +.........             M - amulet of magic regeneration
HPRegen  0.22/turn              m - +7 ring of intelligence
MPRegen  0.48/turn              (no ring)

@: flying evasively
A: small, magic attunement, unstealthy, unfitting armour, able to fly, AC/SH +6
a: Stop Flying, Renounce Religion


You were in an ice cave.
You worshipped Vehumet.
Vehumet was pleased with you.
You were hungry.

You visited 3 branches of the dungeon, and saw 10 of its levels.
You also visited: Ice Cave.

You collected 540 gold pieces.

Inventory:

Hand Weapons
 a - a +3 dagger of venom (weapon)
 b - a +0 blowgun
 C - a +1 long sword of protection
Missiles
 h - 72 curare-tipped needles
 t - 251 poisoned needles
Armour
 d - a +1 pair of boots (worn)
 g - the +4 buckler of Gett (worn) {rCorr MP+9}
   (You acquired it on level 3 of the Dungeon)

   It affects your magic capacity (+9).
   It provides partial protection from all sources of acid and corrosion.
 s - a +0 medium shield
 v - a +0 helmet (worn)
 x - a +0 pair of gloves (worn)
Jewellery
 m - a +7 ring of intelligence (left hand)
 y - a cursed ring of fire
 M - an amulet of magic regeneration (around neck)
Wands
 H - a wand of random effects (8)
 K - a wand of flame (24)
 L - a wand of disintegration (23)
Scrolls
 f - 2 scrolls of revelation
 i - 8 scrolls of identify
 j - a scroll of amnesia {unknown}
 l - 4 scrolls of blinking
 n - 2 scrolls of fear
 o - 4 scrolls of remove curse {unknown}
 p - a scroll of immolation
 q - 3 scrolls of teleportation {unknown}
 u - 4 scrolls of enchant weapon {unknown}
 D - a scroll of noise {unknown}
 E - 2 scrolls of enchant armour {unknown}
 O - a scroll of fog {unknown}
Potions
 c - 4 potions of haste
 k - 4 potions of curing
 r - 3 potions of heal wounds
 w - a potion of flight {unknown}
 z - a potion of lignification {unknown}
 A - 4 potions of brilliance {unknown}
 B - 2 potions of agility {unknown}
 F - a potion of might {unknown}
 G - a potion of resistance {unknown}
 I - a potion of ambrosia {unknown}
 J - a potion of degeneration {unknown}
Comestibles
 e - 15 rations {!d}


   Skills:
 * Level 6.3 Fighting
 * Level 5.3 Short Blades
   Level 1.2 Maces & Flails
 * Level 8.5 Dodging
 + Level 3.3 Stealth
 * Level 7.7 Shields
 * Level 9.2 Spellcasting
 * Level 9.5 Conjurations
 * Level 3.7 Transmutations
 * Level 1.4 Fire Magic


You had 16 spell levels left.
You knew the following spells:

 Your Spells              Type           Power        Failure   Level  Hunger
a - Iskenderun's Mystic   Conj           ######..     1%          3    None
b - Searing Ray           Conj           ######..     1%          2    None
c - Magic Dart            Conj           ####         1%          1    None
x - Irradiate             Conj/Tmut      ######....   4%          5    None
z - Flame Tongue          Conj/Fire      #####        1%          1    None

Your spell library contained the following spells:

 Spells                   Type           Power        Failure   Level  Hunger
 Throw Frost              Conj/Ice       #####.       1%          2    None
 Fulminant Prism          Conj/Hex       #####.....   3%          4    None


Dungeon Overview and Level Annotations

Branches:
Dungeon (8/12)             Temple (1/1) D:6            Lair (1/6) D:8
    Orc (0/1) D:8

Altars:
Ashenzari
Cheibriados
Dithmenos
Elyvilon
Fedhas
Gozag
Hepliaklqana
Kikubaaqudgha
Lugonu
Makhleb
Nemelex Xobeh
Okawaru
Qazlal
Ru
Sif Muna
Trog
Uskayaw
Vehumet
Wu Jian
Xom
Yredelemnul
Zin
The Shining One

Shops:
D:5 (

Portals:
Trove: D:8 (give 8 potions of heal wounds)

Annotations:
D:8 1 runed translucent door, lastchild's ghost, novice HuSp IceCv exclusion: 2 ice statues


Innate Abilities, Weirdness & Mutations

Your spells do not cause hunger and MP costs are reduced by 1.
Your bright wings attract enemies. (Stealth-)
You cannot fit into any form of body armour.
Your shimmering scales are hard and can block incoming attacks. (AC +6, SH +6)
You are small and have problems with some larger weapons.
You can fly continuously.


Message History

You hear a horrible gurgling sound!
No path to travel!
No path to travel!
Casting: Iskenderun's Mystic Blast (safe; 1% risk of failure)
Confirm with . or Enter, or press ? or * to list all spells.
Aiming: Iskenderun's Mystic Blast (safe; 1% risk of failure)
Press: ? - help, Shift-Dir - straight line, f/p - ice statue
Aim: an ice statue (severely damaged)
The orb of energy hits the ice statue!
The ice statue is almost destroyed.
The orb of energy explodes!
You are engulfed in freezing vapours.
The ice statue gestures at you. The shard of ice hits you!!
* * * LOW HITPOINT WARNING * * *
No path to travel!
No path to travel!
No path to travel!
No path to travel!
You are engulfed in freezing vapours.
You die...

##.....##
##.......##
#.........#
#.........#
#.........#
#..°...○..#
#8.°°○°..8#
#####°#####
#.(.○@○.(.#
#........(#
#........)#
#.........#
#.........#
##.......##
##.....##
###.###
##.....##


You could see 2 ice statues.

Vanquished Creatures
  A two-headed ogre (D:8)
  An unseen horror (D:8)
  Pikel (D:7)
  2 ugly things
  2 rime drakes (Lair:1)
  2 trolls (D:8)
  A hornet (D:7)
  A basilisk (Lair:1)
  A steam dragon (D:7)
  2 crocodiles
  Duvessa (D:5)
  A porcupine (D:8)
  2 sky beasts
  6 ice beasts (IceCv)
  4 orc warriors
  2 black bears
  A slave (D:7)
  A phantom (D:2)
  2 ogres
  6 wolves (Lair:1)
  6 bullfrogs
  A kobold brigand (D:8)
  A gnoll sergeant (D:6)
  Dowan (D:5)
  3 centaurs
  4 scorpions
  2 water moccasin skeletons
  4 killer bees (D:8)
  10 wights (D:6)
  3 howler monkeys
  3 orc priests
  2 crimson imps
  4 hounds
  A bullfrog skeleton (D:7)
  4 iguanas
  4 orc wizards
  5 worker ants
  A worker ant zombie (D:5)
  4 gnolls
  3 adders
  A shadow imp (D:8)
  4 oozes
  2 adder skeletons
  5 worms
  2 dart slugs
  3 leopard geckos
  31 orcs
  2 giant cockroaches
  11 goblins
  8 hobgoblins
  10 jackals
  3 quokkas
  3 ball pythons
  3 bats
  6 frilled lizards
  8 kobolds
  A quokka skeleton (D:5)
  A quokka zombie (D:5)
  7 rats
  2 plants (D:8)
219 creatures vanquished.

Vanquished Creatures (others)
  A hound (D:7)
  4 fungi (D:8)
  2 plants (D:8)
7 creatures vanquished.

Grand Total: 226 creatures vanquished

Notes
Turn   | Place    | Note
-------+----------+-------------------------------------------
     0 | D:1      | Grimmash the Fairy Archaeologist began the quest for the
                  | Orb.
     0 | D:1      | Reached XP level 1. HP: 12/12 MP: 2/2
    27 | D:1      | Reached skill level 1 in Fighting
   174 | D:1      | Reached XP level 2. HP: 18/18 MP: 3/3
   334 | D:1      | Reached skill level 1 in Spellcasting
   428 | D:1      | Reached XP level 3. HP: 18/23 MP: 5/5
   470 | D:1      | Reached skill level 1 in Maces & Flails
   900 | D:2      | Noticed a phantom
  1096 | D:2      | Learned a level 1 spell: Magic Dart
  1099 | D:2      | Learned a level 2 spell: Searing Ray
  1225 | D:2      | Reached XP level 4. HP: 28/28 MP: 7/7
  1246 | D:2      | Reached skill level 5 in Dodging
  1906 | D:3      | Reached skill level 1 in Conjurations
  1946 | D:3      | Noticed a bullfrog
  1962 | D:3      | Killed a bullfrog
  1963 | D:3      | Reached skill level 1 in Shields
  1963 | D:3      | Reached XP level 5. HP: 10/35 MP: 1/9
  1963 | D:3      | Identified a scroll of acquirement
  1963 | D:3      | Identified the +4 buckler of Gett {rCorr MP+9} (You
                  | acquired it on level 3 of the Dungeon)
  1963 | D:3      | Identified the amulet "Falolain" {Reflect rElec rF+ MR+
                  | Dex-4 SH+3} (You acquired it on level 3 of the Dungeon)
  1963 | D:3      | Identified the Grimoire of the Escort and Translocation
                  | (You acquired it on level 3 of the Dungeon)
  2186 | D:3      | Learned a level 3 spell: Iskenderun's Mystic Blast
  2274 | D:3      | Found a shattered altar of Ashenzari.
  2856 | D:3      | Found a hide-covered altar of Uskayaw.
  3334 | D:4      | Reached XP level 6. HP: 40/42 MP: 10/10
  3339 | D:4      | Found a hazy altar of Hepliaklqana.
  3484 | D:4      | Found a shadowy altar of Dithmenos.
  3521 | D:4      | Found a blossoming altar of Fedhas.
  3699 | D:4      | Reached XP level 7. HP: 32/47 MP: 11/11
  4112 | D:5      | Entered Level 5 of the Dungeon
  4126 | D:5      | Noticed Duvessa
  4126 | D:5      | Noticed Dowan
  4133 | D:5      | Reached skill level 1 in Short Blades
  4146 | D:5      | Killed Duvessa
  4281 | D:5      | Found Ythuef's Weapon Emporium.
  4328 | D:5      | Killed Dowan
  4605 | D:5      | Reached XP level 8. HP: 48/54 MP: 13/13
  5608 | D:6      | Found an ornate altar of the Wu Jian Council.
  5895 | D:6      | Found an iron altar of Okawaru.
  5941 | D:6      | Reached skill level 5 in Shields
  5989 | D:6      | Reached skill level 5 in Fighting
  5992 | D:6      | Reached XP level 9. HP: 61/61 MP: 16/16
  6143 | D:6      | Found a staircase to the Ecumenical Temple.
  6152 | D:6      | Reached skill level 5 in Conjurations
  6159 | Temple   | Entered the Ecumenical Temple
  6283 | Temple   | Became a worshipper of Vehumet
  6582 | D:6      | Found a burning altar of Makhleb.
  6583 | D:6      | Found a shimmering altar of Xom.
  6587 | D:6      | Reached skill level 5 in Spellcasting
  6693 | D:7      | Learned a level 5 spell: Irradiate
  6987 | D:7      | Reached skill level 1 in Transmutations
  7017 | D:7      | Noticed Pikel
  7025 | D:7      | Killed Pikel
  7051 | D:7      | Reached XP level 10. HP: 66/66 MP: 19/20
  7193 | D:7      | Found an ancient bone altar of Kikubaaqudgha.
  7217 | D:7      | Reached * piety under Vehumet
  7217 | D:7      | Offered knowledge of Flame Tongue by Vehumet.
  7373 | D:8      | Noticed a two-headed ogre
  7378 | D:8      | Killed a two-headed ogre
  7537 | D:8      | Found a staircase to the Orcish Mines.
  7812 | D:8      | Found a portal to a secret trove of treasure.
  7857 | D:8      | Found a staircase to the Lair.
  7902 | D:8      | Found a runed translucent door.
  7907 | D:8      | Noticed lastchild's ghost (novice HuSp)
  8034 | D:8      | Noticed a purple ugly thing
  8040 | D:8      | Killed a purple ugly thing
  8084 | D:8      | Killed an unseen horror
  8085 | D:8      | Reached skill level 5 in Short Blades
  8226 | D:8      | Reached XP level 11. HP: 72/72 MP: 18/24
  8637 | D:8      | Found a glowing golden altar of the Shining One.
  8640 | D:8      | Learned a level 1 spell: Flame Tongue
  8894 | Lair:1   | Entered Level 1 of the Lair of Beasts
  8954 | Lair:1   | Offered knowledge of Throw Frost by Vehumet.
  8956 | Lair:1   | Reached ** piety under Vehumet
  8975 | Lair:1   | Reached skill level 1 in Fire Magic
  8982 | Lair:1   | Found a frozen archway.
  8991 | IceCv    | Entered an ice cave
  9050 | IceCv    | Noticed a white ugly thing
  9056 | IceCv    | Killed a white ugly thing
  9325 | IceCv    | Engulfed by an ice statue's freezing vapour

Skill      XL: |  1  2  3  4  5  6  7  8  9 10 11 |
---------------+----------------------------------+-----
Fighting       | 1 2 3 4 5 6 |  6.3
Spellcasting   | 1 2 3 4 6 8 9 |  9.2
Maces & Flails | 1 |  1.2
Dodging        | 5 6 7 8 |  8.5
Conjurations   | 1 2 4 6 8 9 |  9.5
Shields        | 1 2 3 5 6 7 |  7.7
Short Blades   | 2 3 4 5 |  5.3
Stealth        | 3 |  3.3
Transmutations | 1 2 3 |  3.7
Fire Magic     | 1 |  1.4

Action                   |  1- 3 |  4- 6 |  7- 9 | 10-12 || total
-------------------------+-------+-------+-------+-------++-------
Melee: Whip              |   165 |    24 |       |       ||   189
       Dagger            |       |    74 |    98 |     5 ||   177
 Fire: Blowgun           |    28 |    74 |     3 |       ||   105
 Cast: Magic Dart        |     1 |    38 |    90 |       ||   129
       Searing Ray       |       |     3 |    34 |     3 ||    40
       Iskenderun's Myst |       |       |    37 |   130 ||   167
       Flame Tongue      |       |       |       |     5 ||     5
  Use: Scroll            |     1 |     5 |     1 |     4 ||    11
  Eat: Chunk             |     7 |    13 |    15 |     8 ||    43
Armor: Skin              |    44 |    24 |    22 |    13 ||   103
Dodge: Dodged            |   193 |    94 |    62 |    24 ||   373
Block: Other             |    29 |    14 |       |       ||    43
       Buckler           |       |    76 |   114 |    33 ||   223
